 Dungeon Crawl Stone Soup version 0.20.1-1-g8b1a95d (webtiles) character file.

105 polve the Conjurer (level 4, -3/37 HPs)
             Began as a Draconian Conjurer on July 8, 2017.
             Killed by nerve-wracking pain
             ... invoked by Grinder
              (14 damage)
             ... on level 3 of the Dungeon.
             The game lasted 00:02:40 (3628 turns).

polve the Conjurer (Draconian Conjurer)             Turns: 3628, Time: 00:02:41

Health: -3/37      AC:  5    Str: 11    XL:     4   Next: 54%
Magic:  0/7        EV: 12    Int: 16    God:
Gold:   115        SH:  0    Dex: 11    Spells: 4/7 levels left

rFire    . . .     SeeInvis .   r - +0 mace
rCold    . . .     Gourm    +   (no shield)
rNeg     . . .     Faith    .   (armour unavailable)
rPois    .         Spirit   .   (helmet restricted)
rElec    .         Reflect  .   (no cloak)
rCorr    .         Harm     .   (no gloves)
MR       .....                  (no boots)
Stlth    ++........             p - amulet of the gourmand
Regen    0.2/turn               (no ring)
MPRegen  0.1/turn               (no ring)

@: no status effects
A: unfitting armour, cold-blooded, AC +5
a: no special abilities


You were on level 3 of the Dungeon.
You were full.

You visited 1 branch of the dungeon, and saw 3 of its levels.

You collected 115 gold pieces.

Inventory:

Hand Weapons
 r - a +0 mace (weapon)
Jewellery
 p - an amulet of the gourmand (around neck)
Scrolls
 f - 2 scrolls of remove curse {unknown}
 h - a scroll of enchant armour {unknown}
 j - 4 scrolls of identify {unknown}
 o - a scroll of amnesia {unknown}
 q - a scroll of enchant weapon {unknown}
Potions
 c - a potion of magic {unknown}
 d - a potion of agility {unknown}
 e - 2 potions of curing
 g - 2 potions of berserk rage {unknown}
 i - a potion of heal wounds {unknown}
 k - a potion of mutation {unknown}
 m - a potion of haste {unknown}
Books
 a - a book of Conjurations

   Spells                             Type                      Level
   a - Magic Dart                     Conjuration                  1
   b - Searing Ray                    Conjuration                  2
   c - Dazzling Spray                 Conjuration/Hexes            3
   d - Fulminant Prism                Conjuration/Hexes            4
   e - Force Lance                    Conjuration/Translocation    4
   f - Iskenderun's Mystic Blast      Conjuration                  4
Comestibles
 b - 2 bread rations
 l - a royal jelly


   Skills:
 + Level 2.6 Fighting
 - Level 1.7 Dodging
 - Level 1.7 Stealth
 - Level 2.0 Spellcasting
 + Level 5.3 Conjurations


You had 4 spell levels left.
You knew the following spells:

 Your Spells              Type           Power        Failure   Level  Hunger
a - Magic Dart            Conj           ###.         2%          1    #......
b - Searing Ray           Conj           ###...       3%          2    ###....


Dungeon Overview and Level Annotations

Branches:
Dungeon (3/15)

Altars:
Hepliaklqana
Nemelex Xobeh
Okawaru

Annotations:
D:3 Grinder


Innate Abilities, Weirdness & Mutations

Your plain brown scales are hard. (AC +5)
You cannot fit into any form of body armour.
You are cold-blooded and may be slowed by cold attacks.


Message History

Aim: Grinder (heavily wounded)
The magic dart hits Grinder.
Grinder is severely wounded.
Grinder hits you.
* * * LOW HITPOINT WARNING * * *
You writhe in agony.
* * * LOW HITPOINT WARNING * * *
It was a potion of curing.
You feel better. Grinder gestures at you. You resist with significant effort.
Casting: Magic Dart
Confirm with . or Enter, or press ? or * to list all spells.
Aiming: Magic Dart
Press: ? - help, Shift-Dir - straight line, f/p - Grinder
Aim: Grinder (severely wounded)
The magic dart hits Grinder.
Grinder is severely wounded.
Grinder gestures at you. Pain shoots through your body!
You die...

###.# #. ##'## #..#.... #
#.# #.# # #.####....._. #
#.# #.ยง##. #####
#.......#.).. # #.# ##..
.. ...###.#####.##...
###.# ....
#.##.##..#####......
....# #..%#
#.............#.... #####
#..#.#.##.##..#####...###
#
#.....###.###.#####.#####
##.....5@.# #............
########## #.#####.#####
#.#####.# #)......#
#######.#######
#.........# #.#####.#.#
#.# #.#.# #.#
###.#.######


You could see Grinder.

Vanquished Creatures
  2 adders
  An ooze (D:1)
  3 worms (D:3)
  5 dart slugs
  2 orcs (D:3)
  A ball python (D:2)
  4 giant cockroaches
  6 goblins
  8 hobgoblins
  A quokka (D:3)
  8 bats
  A frilled lizard (D:2)
  11 kobolds
  5 rats
58 creatures vanquished.

Notes
Turn   | Place    | Note
-------+----------+-------------------------------------------
     0 | D:1      | polve the Draconian Conjurer began the quest for the Orb.
     0 | D:1      | Reached XP level 1. HP: 14/14 MP: 3/3
   338 | D:1      | Reached XP level 2. HP: 20/20 MP: 1/5
  1149 | D:2      | Reached XP level 3. HP: 27/27 MP: 1/6
  1332 | D:2      | Reached skill level 1 in Fighting
  1468 | D:2      | Reached skill level 5 in Conjurations
  1670 | D:2      | Found a hazy altar of Hepliaklqana.
  1909 | D:2      | Found a sparkling altar of Nemelex Xobeh.
  2379 | D:3      | Reached XP level 4. HP: 21/36 MP: 1/7
  3513 | D:3      | Found an iron altar of Okawaru.
  3611 | D:3      | Noticed Grinder
  3619 | D:3      | Learned a level 2 spell: Searing Ray
  3628 | D:3      | Killed from afar by Grinder

Skill      XL: |  1  2  3 |
---------------+----------+-----
Fighting       | 2 |  2.6
Conjurations   | 5 |  5.3
Dodging        | |  1.7
Stealth        | |  1.7
Spellcasting   | |  2.0

Action                   |  1- 3 |  4- 6 || total
-------------------------+-------+-------++-------
Melee: Unarmed           |     4 |       ||     4
       Tailslap          |     4 |     2 ||     6
       Whip              |    72 |     3 ||    75
       Mace              |       |     7 ||     7
 Cast: Magic Dart        |    69 |    44 ||   113
       Searing Ray       |       |     1 ||     1
  Use: Potion            |       |     1 ||     1
 Stab: Sleeping          |     4 |       ||     4
  Eat: Chunk             |     6 |    12 ||    18
Armor: Skin              |    24 |     6 ||    30
Dodge: Dodged            |    68 |    17 ||    85
